 Dungeon Crawl Stone Soup version 0.23-a0-79-gaa8cc03 (webtiles) character file.

147 Atlas the Grave Robber (level 5, -8/36 HPs)
             Began as a Mummy Necromancer on Aug 12, 2018.
             Mangled by an orc wizard
             ... wielding a +2 dagger of electrocution
              (10 damage)
             ... on level 3 of the Dungeon.
             The game lasted 00:03:50 (3440 turns).

Atlas the Grave Robber (Mummy Necromancer)          Turns: 3440, Time: 00:03:51

Health: -8/36      AC:  5    Str: 12    XL:     5   Next: 7%
Magic:  0/12       EV: 10    Int: 15    God:
Gold:   148        SH:  0    Dex: 12    Spells: 9/13 levels left

rFire    . . .     SeeInvis .   e - staff of fire
rCold    + . .     Gourm    .   (no shield)
rNeg     + + +     Faith    .   i - +0 ring mail (curse)
rPois    ∞         Spirit   .   (no helmet)
rElec    .         Reflect  .   (no cloak)
rCorr    .         Harm     .   (no gloves)
MR       .....                  (no boots)
Stlth    +.........             (no amulet)
HPRegen  0.12/turn              a - ring of wizardry
MPRegen  0.13/turn              (no ring)

@: no status effects
A: no food or potions, fire vulnerability, cold resistance 1, negative energy
resistance 3, torment resistance, unbreathing
a: no special abilities


You were on level 3 of the Dungeon.
You were not hungry.

You visited 1 branch of the dungeon, and saw 3 of its levels.

You collected 148 gold pieces.

Inventory:

Armour
 i - a cursed +0 ring mail (worn)
Magical Staves
 e - an uncursed staff of fire (weapon)
Jewellery
 a - a ring of wizardry (left hand)
Scrolls
 b - 2 scrolls of teleportation {unknown}
 c - 2 scrolls of amnesia
 d - a scroll of enchant armour {unknown}
 f - a scroll of remove curse {unknown}
 g - a scroll of random uselessness {unknown}
 h - 2 scrolls of identify {unknown}
 j - a scroll of enchant weapon {unknown}


   Skills:
 + Level 0.5 Fighting
 + Level 0.6 Armour
 + Level 1.7 Dodging
 + Level 1.7 Stealth
 + Level 4.6 Spellcasting
 + Level 5.1 Necromancy


You had 9 spell levels left.
You knew the following spells:

 Your Spells              Type           Power        Failure   Level  Hunger
a - Pain                  Necr           ###.         1%          1    N/A
c - Vampiric Draining     Necr           ###.......   6%          3    N/A

Your spell library contained the following spells:

 Spells                   Type           Power        Failure   Level  Hunger
 Animate Dead             Necr           N/A          19%         4    N/A
 Animate Skeleton         Necr           N/A          1%          1    N/A
 Regeneration             Chrm/Necr      ##........   16%         3    N/A

Dungeon Overview and Level Annotations

Branches:
Dungeon (3/15)

Altars:


Innate Abilities, Weirdness & Mutations

You do not eat or drink.
Your flesh is vulnerable to fire.
You are immune to poison.
Your flesh is cold resistant. (rC+)
You are immune to negative energy. (rN+++)
You are immune to unholy pain and torment.
You can survive without breathing.


Message History

You hit something.
The big kobold throws a stone.
The stone misses you. Something hits you but does no damage.
The orc barely misses you.
The big kobold throws a stone.
Something hits you.
You are electrocuted!
* * * LOW HITPOINT WARNING * * *
Unknown command.
Casting: Pain (safe; 1% risk of failure)
Confirm with . or Enter, or press ? or * to list all spells.
Aiming: Vampiric Draining (safe; 6% risk of failure)
Press: ? - help, Shift-Dir - straight line You feel life coursing into your body.
The orc hits you with a falchion.
* * * LOW HITPOINT WARNING * * *
Something hits you but does no damage.
The big kobold throws a stone.
Casting: Vampiric Draining (safe; 6% risk of failure)
Confirm with . or Enter, or press ? or * to list all spells.
Aiming: Pain (safe; 1% risk of failure)
Press: ? - help, Shift-Dir - straight line Nothing appears to happen.
Something hits you but does no damage. The orc misses you.
Something hits you but does no damage.
You are electrocuted!
You die...

##.....### #.....#.#
#####..#....#.....###.#
...#.##..#...#######.#
#.#.....###......##.###..#
####....##..##..............#
#................).###......#
..#......##..##(...#
#.##.....
....##..###........# #.#
..... ............#.#.@..#
#.# .... ##.####..####...o{.#
#.# ..# ##.#
#..#......>r###.# #.# .)<#
#........#(.##(# ## )%##
#.......(..KK..# .. ..#
#............o## .# ..#
#.............#####.# ..##
#................KKo#
...######............#####r.#


You could see a big kobold, 2 orcs, a kobold and a rat.

Vanquished Creatures
  A hound (D:2)
  An orc wizard (D:3)
  An adder (D:2)
  A worm (D:3)
  3 dart slugs (D:1)
  2 leopard geckos (D:1)
  3 orcs (D:3)
  4 giant cockroaches
  7 goblins
  8 hobgoblins
  8 jackals
  A ball python (D:3)
  8 bats
  6 frilled lizards (D:1)
  A kobold (D:3)
  9 rats
64 creatures vanquished.

Notes
Turn   | Place    | Note
-------+----------+-------------------------------------------
     0 | D:1      | Atlas the Mummy Necromancer began the quest for the Orb.
     0 | D:1      | Reached XP level 1. HP: 13/13 MP: 4/4
   320 | D:1      | Reached XP level 2. HP: 4/19 MP: 0/5
  1245 | D:1      | Reached XP level 3. HP: 25/25 MP: 1/7
  1881 | D:2      | Learned a level 3 spell: Vampiric Draining
  2346 | D:2      | Reached XP level 4. HP: 4/31 MP: 0/10
  2928 | D:2      | Reached skill level 5 in Necromancy
  3412 | D:3      | Reached XP level 5. HP: 30/36 MP: 0/11
  3440 | D:3      | Mangled by an orc wizard

Vault maps used:
D:1:      minmay_arrival_loop, minmay_misc_feat_ornament
D:2:      grunt_ministairs_14
D:3:      first_ration, minmay_box_of_dots

Skill      XL: |  1  2  3  4 |
---------------+-------------+-----
Spellcasting   | 3 4 |  4.6
Necromancy     | 5 |  5.1
Fighting       | |  0.5
Armour         | |  0.6
Dodging        | |  1.7
Stealth        | |  1.7

Action                   |  1- 3 |  4- 6 || total
-------------------------+-------+-------++-------
Melee: Unarmed           |    33 |       ||    33
       Staff             |       |    32 ||    32
 Cast: Pain              |    74 |    40 ||   114
       Vampiric Draining |       |     1 ||     1
  Use: Scroll            |     1 |       ||     1
Armor: Robe              |    22 |       ||    22
       Leather armour    |    10 |       ||    10
       Ring mail         |       |    28 ||    28
Dodge: Dodged            |    44 |    29 ||    73

Table legend:
 A = Non-vault XP
 B = Vault XP
 C = Vault XP percentage of total XP
 D = Non-vault monster count
 E = Vault monster count
 F = Vault count percentage of total count
 G = Total turns spent on level
                 A         B        C        D         E       F
            +---------+---------+-------+---------+---------+-------
      Total |     203 |       7 |   3.3 |      60 |       4 |   6.2
            +---------+---------+-------+---------+---------+-------
        D:1 |      62 |       0 |   0.0 |      35 |       0 |   0.0
        D:2 |      75 |       2 |   2.6 |      13 |       1 |   7.1
        D:3 |      66 |       5 |   7.0 |      12 |       3 |  20.0
            +---------+---------+-------+---------+---------+-------
